 Dungeon Crawl Stone Soup version 0.17-a0-1399-gd5b76e1 (webtiles) character file.

35616 urechis the Fighter (level 13, -4/113 HPs)
             Began as a Merfolk Gladiator on June 19, 2015.
             Was a High Priest of Yredelemnul.
             Slain by a death yak (6 damage)
             ... on level 6 of the Lair of Beasts.
             The game lasted 01:26:26 (15911 turns).

urechis the Fighter (Merfolk Gladiator)            Turns: 15911, Time: 01:26:31

Health: -4/113     AC: 11    Str: 15    XL:     13   Next: 85%
Magic:  21/22      EV: 27    Int:  8    God:    Yredelemnul [*****.]
Gold:   1113       SH:  0    Dex: 19    Spells: 1 memorised, 11 levels left

rFire  + . .     SeeInvis .     E - +3 spear of the Moon {pierce, rN++}
rCold  . . .     Clarity  .     S - +3 leather armour {rF+}
rNeg   + + .     SustAt   .     (no shield)
rPois  .         Gourm    .     c - +0 helmet
rElec  .         Spirit   .     (no cloak)
rCorr  .         Warding  .     (no gloves)
rMut   .         Stasis   .     F - +0 pair of boots
MR     .....                    s - amulet of regeneration
Stlth  ++........               M - +5 ring of evasion
                                t - +3 ring of protection

@: hasted, very quick, not resistant to hostile enchantments, unstealthy
A: change form in water, swift swim
a: Animate Dead, Recall Undead Slaves, Injury Mirror, Drain Life, Enslave Soul,
Renounce Religion


You were on level 6 of the Lair of Beasts.
You worshipped Yredelemnul.
Yredelemnul was extremely pleased with you.
You were not hungry.

You visited 3 branches of the dungeon, and saw 15 of its levels.
You also visited: Ice Cave and Volcano.

You collected 1113 gold pieces.

Inventory:

Hand weapons
 E - the +3 spear of the Moon (weapon) {pierce, rN++}
   (You found it on level 5 of the Dungeon)

   It inflicts extra damage upon your enemies.
   It greatly protects you from negative energy.
 R - a +3 halberd of flaming
Missiles
 d - 9 throwing nets (quivered)
Armour
 a - a +3 leather armour of cold resistance
 c - a +0 helmet (worn)
 F - a +0 pair of boots (worn)
 S - a +3 leather armour of fire resistance (worn)
Jewellery
 s - an amulet of regeneration (around neck)
 t - a +3 ring of protection (left hand)
 B - an uncursed amulet of stasis
 M - a +5 ring of evasion (right hand)
 W - an uncursed amulet of clarity
Magical devices
 D - a wand of digging (6)
Scrolls
 h - 7 scrolls of teleportation
 l - a scroll of fog {unknown}
 m - 4 scrolls of magic mapping
 n - a scroll of enchant armour
 r - 6 scrolls of blinking
 v - 9 scrolls of remove curse
 w - a scroll of summoning {unknown}
 y - 3 scrolls of fear {unknown}
 H - a scroll of vulnerability {unknown}
 N - a scroll of noise {unknown}
 O - a scroll of acquirement {unknown}
 Q - 2 scrolls of recharging {unknown}
 T - 2 scrolls of enchant weapon {unknown}
 U - a scroll of holy word {unknown}
 V - a scroll of brand weapon {unknown}
Potions
 b - 3 potions of flight
 f - 5 potions of might
 g - 6 potions of curing
 i - a potion of lignification {unknown}
 o - 2 potions of degeneration {unknown}
 p - 3 potions of heal wounds
 q - 3 potions of agility
 x - 3 potions of ambrosia
 z - 2 potions of brilliance {unknown}
 A - 5 potions of haste
 J - 3 potions of berserk rage {unknown}
 K - a potion of cure mutation {unknown}
 L - 2 potions of resistance {unknown}
Comestibles
 e - 19 fruits
 j - 6 meat rations
 k - 9 beef jerkies
 u - 5 bread rations
 C - a royal jelly
 G - 2 slices of pizza
 I - 2 chunks of flesh


   Skills:
 * Level 14.2 Fighting
 - Level 12.0 Polearms
 - Level 10.0 Throwing
 + Level 13.0 Dodging
 - Level 12.0 Invocations


You had 11 spell levels left.
You knew the following spells:

 Your Spells              Type           Power        Failure   Level  Hunger
a - Apportation           Tloc           #.........   56%         1    ##.....


Dungeon Overview and Level Annotations

Branches:
Dungeon (8/15)             Temple (1/1) D:4            Lair (6/8) D:8
  Swamp (0/4) Lair:4       Spider (0/4) Lair:3        Slime (0/6) Lair:6

Altars:
Ashenzari
Cheibriados
Dithmenos
Elyvilon
Fedhas
Gozag
Kikubaaqudgha
Makhleb
Nemelex Xobeh
Okawaru
Qazlal
Ru
Sif Muna
Trog
Vehumet
Xom
Yredelemnul
Zin
The Shining One


Message History

The komodo dragon misses you.
Your crocodile zombie barely misses the death yak.
You barely miss the death yak.
The death yak is heavily wounded.
Your crocodile zombie barely misses the death yak.
The death yak completely misses you.
You hit the death yak but do no damage.
The death yak is heavily wounded.
The death yak gores you!!
* * * LOW HITPOINT WARNING * * *
The death yak barely misses you.
The komodo dragon completely misses you.
Drink which item? (? for menu, Esc to quit)
You feel yourself speed up.
Your crocodile zombie bites the death yak but does no damage.
The death yak gores you!!
* * * LOW HITPOINT WARNING * * *
The death yak gores you.
You die...
Your body rises from the dead as a mindless zombie.

.........P.P
#.....................P
......................
##.....................
#......................
#........#.#.....P##.#.
#......#..#.......###Z.
#P..ZPYl..P......#.#Z.#
##..YY@..........#ZZ...
#...ZY#...#........Z...
#:...............##.#..
##....P..........####.#
##.......P.........##..
#......PPP##...........
#.........##...........
#......................
#......................


You could see 4 death yaks, a komodo dragon and 2 friendly crocodile zombies.

Vanquished Creatures
  Harold (Lair:4)
  A queen ant (Lair:4)
  A death yak (Lair:6)
  Urug (Lair:4)
  The ghost of Borgoz the Covert, an experienced KoAs of Dithmenos (D:7)
  4 ice devils (IceCv)
  A deep elf knight (Volcano)
  The ghost of Uberwunderbarhen the Changer, an experienced OpTm (D:6)
  2 ice statues (IceCv)
  A necromancer (IceCv)
  3 black mambas
  An eye of devastation (Lair:6)
  A torpor snail (Lair:6)
  5 komodo dragons
  4 spiny frogs
  A deep elf priest (Volcano)
  3 blue devils (IceCv)
  16 blink frogs
  Sigmund (D:5)
  36 yaks
  2 basilisks (D:8)
  A spriggan (Lair:4)
  4 deep elf fighters (Volcano)
  3 hippogriffs
  20 wolves
  Menkaure (D:4)
  5 swamp worms (Lair:4)
  5 soldier ants (Lair:4)
  Duvessa (D:4)
  The ghost of Aiteri the Sneak, an average SpEn (D:4)
  3 spiders (Lair:3)
  A necrophage (D:7)
  A wasp (Lair:3)
  3 eyes of draining
  4 ogres
  8 porcupines
  4 water moccasins
  2 centaurs
  An ice beast (D:6)
  8 crocodiles
  A phantom (D:7)
  An electric eel (Lair:4)
  A big kobold (D:7)
  9 giant frogs
  Dowan (D:4)
  A water moccasin zombie (D:8)
  2 scorpions (D:8)
  2 jellies (D:5)
  An orc priest (D:5)
  4 orc wizards
  2 crimson imps (D:7)
  2 centaur skeletons
  A draconian simulacrum (IceCv)
  A troll simulacrum (IceCv)
  12 iguanas
  22 worker ants
  15 sheep
  A killer bee zombie (D:8)
  4 centaur simulacra (IceCv)
  2 hound skeletons
  A worker ant zombie (D:8)
  7 adders
  2 naga simulacra (IceCv)
  2 ogre simulacra (IceCv)
  43 river rats
  3 shadow imps
  5 white imps (Lair:4)
  2 oozes (D:1)
  An adder skeleton (D:5)
  2 worms
  9 giant geckos
  11 orcs
  11 hobgoblins
  14 kobolds
  4 quokkas
  12 bats
  6 giant newts
  13 goblins
  5 jackals
  A quokka skeleton (D:4)
  11 rats
  A plant (Lair:4)
414 creatures vanquished.

Vanquished Creatures (collateral kills)
  A hydra (Lair:3)
  A black mamba (Lair:3)
  2 komodo dragons
  2 spiny frogs
  A fire drake (Lair:6)
  8 blink frogs
  6 yaks
  A basilisk (Lair:5)
  3 fire bats (Lair:2)
  2 wolves (Lair:4)
  A spriggan (Lair:4)
  A hippogriff (D:8)
  A swamp worm (Lair:4)
  A porcupine (Lair:6)
  3 soldier ants (Lair:4)
  5 spiders (Lair:3)
  3 water moccasins
  A centaur (D:7)
  4 crocodiles
  A big kobold (D:8)
  2 giant frogs
  A jelly (D:7)
  2 worker ants (Lair:4)
  2 iguanas
  2 hell rats (Lair:3)
  8 sheep
  9 river rats
  7 white imps (Lair:4)
  An orc (D:8)
  A kobold (D:7)
  3 butterflies
  A fungus (Lair:3)
  4 plants
91 creatures vanquished.

Vanquished Creatures (others)
  A blink frog (Lair:6)
  A vampire (Lair:6)
  A black mamba zombie (Lair:5)
  5 flying skulls
  A spiny frog zombie (Lair:1)
  5 blink frog zombies
  A komodo dragon zombie (Lair:3)
  A water moccasin zombie (Lair:6)
  11 yak zombies
  2 hippogriff zombies
  2 wights (Lair:4)
  7 wolf zombies
  A giant frog zombie (Lair:1)
  A soldier ant zombie (Lair:4)
  An elf zombie (Volcano)
  2 porcupine zombies
  3 crocodile zombies
  2 sheep zombies (Lair:3)
  A mummy (Lair:4)
  3 worker ant zombies (Lair:4)
  9 river rat zombies
  A bush (D:8)
  A fungus (Lair:2)
  3 plants (D:8)
66 creatures vanquished.

Grand Total: 571 creatures vanquished

Notes
Turn   | Place    | Note
--------------------------------------------------------------
     0 | D:1      | urechis the Merfolk Gladiator began the quest for the Orb.
     0 | D:1      | Reached XP level 1. HP: 16/16 MP: 1/1
    32 | D:1      | Reached skill level 5 in Polearms
    42 | D:1      | Reached XP level 2. HP: 12/22 MP: 2/2
   498 | D:1      | Reached XP level 3. HP: 25/27 MP: 3/3
   500 | D:1      | Reached skill level 6 in Polearms
   818 | D:2      | Found a basalt altar of Yredelemnul.
   825 | D:2      | Became a worshipper of Yredelemnul the Dark
  1014 | D:2      | Found a shattered altar of Ashenzari.
  1335 | D:2      | Reached skill level 7 in Polearms
  1335 | D:2      | Reached XP level 4. HP: 8/33 MP: 4/4
  2585 | D:4      | Found a deep blue altar of Sif Muna.
  2658 | D:4      | Reached skill level 8 in Polearms
  2658 | D:4      | Reached XP level 5. HP: 29/38 MP: 5/5
  2812 | D:4      | Noticed Menkaure
  3045 | D:4      | Acquired Yredelemnul's first power
  3058 | D:4      | Reached skill level 9 in Polearms
  3090 | D:4      | Reached XP level 6. HP: 41/44 MP: 6/6
  3128 | D:4      | Noticed Duvessa
  3129 | D:4      | Noticed Dowan
  3152 | D:4      | Killed Duvessa
  3152 | D:4      | Reached skill level 10 in Polearms
  3221 | D:4      | Noticed Aiteri's ghost (average SpEn)
  3269 | D:4      | Killed Aiteri's ghost
  3354 | D:4      | Reached XP level 7. HP: 52/52 MP: 7/7
  3394 | D:4      | Found a staircase to the Ecumenical Temple.
  3403 | Temple   | Entered the Ecumenical Temple
  3771 | D:4      | Killed Dowan
  4172 | D:5      | Entered Level 5 of the Dungeon
  4248 | D:5      | Reached skill level 5 in Dodging
  4324 | D:5      | Reached skill level 5 in Fighting
  4336 | D:5      | Noticed Sigmund
  4379 | D:5      | Found a sacrificial altar of Ru.
  4484 | D:5      | Got a crude spear
  4485 | D:5      | Identified the +3 spear of the Moon {pierce, rN++} (You found it on level 5 of the Dungeon)
  4935 | D:6      | Noticed Uberwunderbarhen's ghost (experienced OpTm)
  5008 | D:6      | Reached XP level 8. HP: 47/64 MP: 8/8
  5155 | D:6      | Found a bloodstained altar of Trog.
  5247 | D:6      | Killed Uberwunderbarhen's ghost
  5247 | D:6      | Reached skill level 11 in Polearms
  5522 | D:6      | Reached XP level 9. HP: 66/72 MP: 9/9
  5594 | D:6      | Acquired Yredelemnul's second power
  5594 | D:6      | Reached skill level 12 in Polearms
  5726 | D:7      | Noticed Borgoz's ghost (experienced KoAs)
  5750 | D:7      | Killed Borgoz's ghost
  5771 | D:7      | Found a white marble altar of Elyvilon.
  5986 | D:7      | Found a blossoming altar of Fedhas.
  5998 | D:7      | Found a burning altar of Makhleb.
  5999 | D:7      | Found a radiant altar of Vehumet.
  6085 | D:7      | Found a shadowy altar of Dithmenos.
  6420 | D:8      | Reached skill level 10 in Fighting
  6420 | D:8      | Reached XP level 10. HP: 67/85 MP: 8/10
  6523 | D:8      | Found a staircase to the Lair.
  6563 | D:8      | Reached skill level 10 in Dodging
  6585 | D:8      | Acquired Yredelemnul's third power
  7085 | D:8      | Found a sparkling altar of Nemelex Xobeh.
  7086 | D:8      | Found an iron altar of Okawaru.
  7087 | D:8      | Found a shimmering altar of Xom.
  7948 | D:4      | Killed Menkaure
  8082 | D:5      | Killed Sigmund
  8157 | Lair:1   | Entered Level 1 of the Lair of Beasts
  8196 | Lair:1   | Reached XP level 11. HP: 69/96 MP: 11/11
  8673 | Lair:1   | Reached skill level 13 in Fighting
  8965 | Lair:1   | Reached skill level 1 in Invocations
  8985 | Lair:1   | Acquired Yredelemnul's fourth power
  8985 | Lair:1   | Received a gift from Yredelemnul
  9648 | Lair:2   | Found a dark tunnel.
  9657 | Volcano  | Entered a volcano
  9672 | Volcano  | Noticed a deep elf knight
  9716 | Volcano  | Killed a deep elf knight
  9716 | Volcano  | Reached skill level 5 in Invocations
 11360 | Lair:3   | Received a gift from Yredelemnul
 11431 | Lair:3   | Reached XP level 12. HP: 77/105 MP: 18/18
 11589 | Lair:3   | Found a hole to the Spider Nest.
 11928 | Lair:3   | Noticed a four-headed hydra
 11938 | Lair:3   | Killed a three-headed hydra
 11938 | Lair:3   | Reached skill level 10 in Invocations
 12089 | Lair:4   | Received a gift from Yredelemnul
 12155 | Lair:4   | Noticed Urug
 12170 | Lair:4   | Killed Urug
 12321 | Lair:4   | Received a gift from Yredelemnul
 12392 | Lair:4   | Found a bloodstained altar of Trog.
 12397 | Lair:4   | Noticed Harold
 12409 | Lair:4   | Killed Harold
 12685 | Lair:4   | Found a frozen archway.
 12708 | IceCv    | Entered an ice cave
 13064 | IceCv    | Reached skill level 5 in Throwing
 13064 | IceCv    | Reached XP level 13. HP: 90/111 MP: 22/22
 13319 | Lair:4   | Received a gift from Yredelemnul
 13340 | Lair:4   | Found a staircase to the Swamp.
 13553 | Lair:4   | Noticed a queen ant
 13567 | Lair:4   | Killed a queen ant
 13615 | Lair:4   | Acquired Yredelemnul's fifth power
 13640 | Lair:4   | Reached skill level 14 in Fighting
 13672 | Lair:4   | Received a gift from Yredelemnul
 14812 | Lair:5   | Received a gift from Yredelemnul
 15395 | Lair:6   | Received a gift from Yredelemnul
 15538 | Lair:6   | Found a staircase to the Slime Pits.
 15567 | Lair:6   | Reached skill level 10 in Throwing
 15874 | Lair:6   | Learned a level 1 spell: Apportation
 15911 | Lair:6   | HP: 2/113 [death yak (26)]
 15911 | Lair:6   | Slain by a death yak

Vault maps used:
D:1:      matt_arrival_spirals, minmay_misc_feat_x
D:2:      old_standard_altar, evilmike_ruin_ashenzari
D:4:      led_sif_pool, minmay_temple_entry_poolview, corexii_leaking_fountain,
          uniq_duvessa, uniq_menkaure
D:5:      nicolae_ru_sacrificial_ziggurat, first_bread, minmay_misc_feat_cross,
          uniq_sigmund
D:6:      minmay_parallelograms, trog_eyes_of_draining
D:7:      grunt_temple_overflow_lords_of_destruction,
          nicolae_dithmenos_the_darkroom, overflow_temple_1_default,
          fedhas_altar_fruit_tree
D:8:      minitemple, minmay_lair_entry_grove, blue_anna_alchemist,
          grunt_ministairs_12, serial_park_tiny_1
Temple:   minmay_temple_bridge_b_8
Lair:1:   bh_autumn_forest_stairs, lemuel_fruit_fields
Lair:2:   nicolae_volcano_entry_batcave, lab_entry_generic, lemuel_fruit_fields
Lair:3:   kennysheep_rathole, spider_nest_entry_a
Lair:4:   wad_woods_stonehenge, nicolae_swamp_entry_splash_gauntlet,
          portal_ice_cave_entry_imps, zaba_antful_of_joy, lemuel_fruit_fields,
          uniq_urug, uniq_harold
Lair:5:   st_stairs_13
Lair:6:   minmay_slime_entry_eyes, grunt_megastairs_3
IceCv:    ice_cave_tombish
Volcano:  volcano_pools

Action                   |  1- 3 |  4- 6 |  7- 9 | 10-12 | 13-15 || total
-------------------------+-------+-------+-------+-------+-------++-------
Melee: Trident           |   154 |   225 |    95 |       |       ||   474
       Spear             |       |       |   295 |   631 |   488 ||  1414
       Halberd           |       |       |       |   365 |   169 ||   534
Invok: Animate Remains   |       |       |     2 |     7 |       ||     9
       Recall Undead Sla |       |       |     1 |       |       ||     1
       Animate Dead      |       |       |       |    17 |    17 ||    34
  Use: Scroll            |       |       |     7 |     3 |     8 ||    18
       Potion            |       |       |       |     2 |     1 ||     3
 Stab: Sleeping          |     3 |     1 |     3 |     7 |     4 ||    18
       Distracted        |       |       |     3 |     6 |     6 ||    15
  Eat: Chunk             |       |     7 |    11 |    17 |     5 ||    40
       Pizza             |       |     1 |       |       |       ||     1
       Fruit             |       |       |     1 |    14 |    11 ||    26
